 Dungeon Crawl Stone Soup version 0.28.0-45-g0d030f2227 (webtiles) character file.

Game seed: 14846005034172502951

44 dianekeaton the Ruffian (level 3, -1/31 HPs)
             Began as a Troll Hedge Wizard on Apr 12, 2022.
             Slain by a gnoll
             ... wielding a +0 halberd
              (12 damage)
             ... on level 2 of the Dungeon.
             The game lasted 00:04:09 (1088 turns).

dianekeaton the Ruffian (Troll Hedge Wizard)        Turns: 1088, Time: 00:04:10

Health: -1/31      AC:  4    Str: 18    XL:     3   Next: 39%
Magic:  3/5        EV:  9    Int: 12    God:
Gold:   53         SH:  0    Dex:  9    Spells: 5/6 levels left

rFire   . . .      SeeInvis .     - Unarmed
rCold   . . .      Faith    .   (no shield)
rNeg    . . .      Spirit   .   b - +0 robe
rPois   .          Reflect  .   c - +0 hat
rElec   .          Harm     .   (no cloak)
rCorr   .          Rampage  .   (gloves unavailable)
Will    .....                   (boots unavailable)
Stlth   +.........              (no amulet)
HPRegen 0.90/turn               (no ring)
MPRegen 0.09/turn               (no ring)

@: no status effects
A: large, unfitting armour, claws 3, regeneration 1, shaggy fur 1, tough skin 1
a: no special abilities


You were on level 2 of the Dungeon.
You visited 1 branch of the dungeon, and saw 2 of its levels.

You collected 53 gold pieces.

Inventory:

Hand Weapons
 a - a +0 dagger
Armour
 b - a +0 robe (worn)
 c - a +0 hat (worn)
Potions
 d - a potion of cancellation {unknown}


   Skills:
 - Level 1.5 Dodging
 - Level 1.0 Stealth
 * Level 3.1 Unarmed Combat
 - Level 2.0 Spellcasting
 - Level 0.6 Conjurations
 - Level 0.6 Summonings
 - Level 0.6 Translocations


You had 5 spell levels left.
You knew the following spells:

 Your Spells              Type           Power      Damage    Failure   Level
a - Magic Dart            Conj           8%         1d3       22%         1

Your spell library contained the following spells:

 Spells                   Type           Power      Damage    Failure   Level
 Slow                     Hex            4%         N/A       26%         1
 Blink                    Tloc           4%         N/A       32%         2
 Call Imp                 Summ           2%         N/A       32%         2
 Conjure Flame            Conj/Fire      1%         6-21      58%         3
 Mephitic Cloud           Conj/Pois/Air  1%         N/A       58%         3


Dungeon Overview and Level Annotations

Branches:
Dungeon (2/15)

Altars:


Innate Abilities, Weirdness & Mutations

You are too large for most types of armour.
You have claws for hands.
Your natural rate of healing is unusually fast.
You are covered in fur. (AC +1)
You have tough skin. (AC +1)


Message History

You see here 3 gold pieces.
The endoplasm freezes you.
You are frozen.
You scratch the endoplasm.
The endoplasm is almost dead.
The endoplasm freezes you.
You are frozen.
You scratch the endoplasm.
You kill the endoplasm!
The rat bites you.
You scratch the rat.
You kill the rat!
You now have 40 gold pieces (gained 3).
You see here a rat corpse.
Magic restored.
Found 30 arrows.
You now have 53 gold pieces (gained 13).
Found a robe.
A goblin and 3 gnolls come into view.
Found a stone staircase leading down.
The goblin shouts!
The gnoll shouts! x2
The magic dart hits the gnoll but does no damage.
The gnoll shouts!
You miscast Magic Dart.
You are very lightly contaminated with residual magic.
Nothing appears to happen.
The magic dart hits the gnoll but does no damage.
The gnoll closely misses you.
Okay, then.
The gnoll barely misses you.
Your magical contamination has completely faded away.
The gnoll hits you from afar with a +0 halberd!
The gnoll hits you with a +0 halberd!
The gnoll hits you from afar with a +0 halberd.
You are too injured to fight recklessly!
You are too injured to fight recklessly!
Okay, then.
You aren't carrying any scrolls.
The gnoll hits you from afar with a +0 halberd!
You die...

#... #... ####...##
.....[..##
>........##
.......#.g####
.....g.##ggg.#
......g ####.##
#.....### .......
#..@## #.....#..
....... #....##
#.....#.# .......
#.....# #.....#.##
##.#### #...#.##
#.......# .
#...#..###.......##(
#..##...............
#.##..#..#........##
#.#..###.#....†.....
#.#.##.............#


You could see 2 gnolls and a goblin.

Vanquished Creatures
  An adder (D:2)
  2 dart slugs (D:1)
  A bat (D:1)
  6 endoplasms
  A goblin (D:2)
  4 hobgoblins
  2 quokkas (D:2)
  4 ball pythons
  3 frilled lizards
  2 kobolds
  2 rats
28 creatures vanquished.

Notes
Turn   | Place    | Note
-------+----------+-------------------------------------------
     0 | D:1      | dianekeaton the Troll Hedge Wizard began the quest for the
                  | Orb.
     0 | D:1      | Reached XP level 1. HP: 16/16 MP: 2/2
    65 | D:1      | Reached skill level 1 in Unarmed Combat
   233 | D:1      | Reached XP level 2. HP: 24/24 MP: 2/4
   451 | D:1      | Reached skill level 2 in Unarmed Combat
   725 | D:1      | Found a faded altar of an unknown god.
   930 | D:2      | Reached XP level 3. HP: 30/31 MP: 1/5
   948 | D:2      | Reached skill level 3 in Unarmed Combat
  1088 | D:2      | Slain by a gnoll

Illustrated notes

Levels and vault maps discovered:
D:1:      lightli_arrival_flooded_house, layout_loops_cross,
          chequers_ecumenical_altar_twisty, chequers_arboretum
D:2:      layout_rooms, uniq_natasha

Skill      XL: |  1  2  3 |
---------------+----------+-----
Unarmed Combat | 1 2 3 |  3.1
Dodging        | |  1.5
Stealth        | |  1.0
Spellcasting   | |  2.0
Conjurations   | |  0.6
Summonings     | |  0.6
Translocations | |  0.6

Action                   || total
-------------------------++-------
Melee: Unarmed           ||    64
 Cast: Magic Dart        ||    23
  Use: Scroll            ||     1
Armor: Robe              ||    15
Dodge: Dodged            ||    36
